AoeStats
← Pwncakes

Pilgrims

507529813Analyzed
2v2 RM · 13d ago on Sep 18, 2026· 32m 53s· 4 players
Game mode
Random Map
Map size
Medium (4 player)
Population
200
Speed
Normal
Resources
Standard
Victory
Conquest
Starting age
Dark Age
Ending age
Imperial Age
RankedLock teamsTeams togetherTeam positionsShared explorationLock speedFull tech treeHidden civsTurbo modeCheats
Victory
Defeat
🇫🇷 Italians · France
1383
+14
🇺🇸 Armenians · United States
1317
+17
🇪🇸 Saracens · Spain
1435
-20
🇪🇸 Japanese · Spain
1236
-11
aLLpargaTa
4:18 Loom
13:13 Feudal Age
14:48 Double-Bit Axe
18:21 Castle Age
17:39 Fletching
20:14 Crossbowman
28:11 Bodkin Arrow
[VPKT] Semita
10:11 Feudal Age
10:41 Loom
14:27 Double-Bit Axe
16:02 Fletching
18:59 Castle Age
20:00 Medium Warships
19:48 Bodkin Arrow
Pwncakes
9:44 Loom
11:59 Feudal Age
13:52 Forging
13:54 Scale Mail Armor
13:44 Fletching
15:36 Fletching
17:49 Castle Age
17:10 Double-Bit Axe
17:15 Stone Mining
19:05 Medium Warships
19:17 Bow Saw
20:00 Wheelbarrow
20:28 Careening
20:30 Clinker Construction
21:39 Gold Mining
22:40 Fishing Lines
24:31 Hand Cart
24:13 Gillnets
25:15 Town Watch
28:22 Imperial Age
27:49 Squires
27:35 Arson
28:17 Scale Mail Armor
28:52 Iron Casting
29:21 Chain Mail Armor
30:25 Conscription
31:19 Blast Furnace
30:39 Fereters
30:54 Sappers
31:30 Caravan
32:02 Plate Mail Armor
32:12 Plate Mail Armor
Sacks910
6:16 Loom
12:58 Feudal Age
18:41 Castle Age
17:20 Gold Mining
18:09 Double-Bit Axe
20:04 Medium Warships
24:56 Fishing Lines
29:21 Imperial Age
27:45 Padded Archer Armor
28:34 Bow Saw
30:08 Wheelbarrow
29:38 Fletching
Connection lost

Rejoining the realm…

Still unreachable

The connection could not be restored.

Session expired

The server has moved on; the page needs a fresh start.